2312 views
Uploaded 2024-09-12 17:04:50
Game version 1.36 (6115)
42:04 long 4on4 ladder game on (8)Sanctuary_LV_S2
Saved by GIGA
2312 views
Uploaded 2024-09-12 17:04:50
Game version 1.36 (6115)
42:04 long 4on4 ladder game on (8)Sanctuary_LV_S2


288 units @ 45.3k
/ 9.5k
168 buildings @ 20.8k
/ 10k


| Rod of Necromancy | 2 | 300 |
| Sacrificial Skull | 1 | 50 |
| Orb of Corruption | 2 | 750 |
| Ritual Dagger | 2 | 250 |
| Potion of Healing | 3 | 450 |
| Scroll of Town Portal | 7 | 2450 |
| Potion of Lesser Invulnerability | 1 | 150 |
| total: | 18 | 4400g |
| Acolyte | 17 | 1275 | / | 0 |
| Ghoul | 8 | 960 | / | 0 |
| Frost Wyrm | 19 | 7315 | / | 2280 |
| Crypt Fiend | 11 | 2365 | / | 440 |
| Obsidian Statue | 7 | 1400 | / | 245 |
| Goblin Shredder | 1 | 375 | / | 100 |
| Goblin Sapper | 3 | 645 | / | 300 |
| total: | 66 | 14335g | / | 3365w |
| Spirit Tower | 14 | 2030 | / | 560 |
| Nerubian Tower | 2 | 200 | / | 40 |
| Altar of Darkness | 1 | 180 | / | 50 |
| Ziggurat | 18 | 2700 | / | 900 |
| Crypt | 2 | 400 | / | 100 |
| Tomb of Relics | 1 | 130 | / | 30 |
| Necropolis | 6 | 1350 | / | 0 |
| Graveyard | 1 | 215 | / | 0 |
| Slaughterhouse | 1 | 140 | / | 135 |
| Sacrificial Pit | 1 | 75 | / | 150 |
| Boneyard | 3 | 525 | / | 600 |
| Halls of the Dead | 1 | 320 | / | 210 |
| Black Citadel | 1 | 325 | / | 230 |
| total: | 34 | 5715g | / | 1965w |
| 0:02 | Acolyte |
| 0:13 | Altar of Darkness |
| 0:16 | Ziggurat |
| 0:19 | Acolyte |
| 0:35 | Crypt |
| 1:00 | Tomb of Relics |
| 1:28 | Ziggurat |
| 1:36 | Ghoul |
| 1:51 | Ghoul |
| 1:58 | Acolyte |
| 2:06 | Ghoul |
| 2:13 | Carrion Beetles |
| 2:15 | Rod of Necromancy |
| 2:17 | Sacrificial Skull |
| 2:36 | Ghoul |
| 3:11 | Ghoul |
| 3:13 | Halls of the Dead |
| 3:23 | Ghoul |
| 3:55 | Impale |
| 4:01 | Ghoul |
| 4:26 | Necropolis |
| 4:33 | Ghoul |
| 4:36 | Graveyard |
| 4:53 | Ziggurat |
| 5:37 | Black Citadel |
| 6:26 | Acolyte |
| 6:26 | Acolyte |
| 6:53 | Goblin Shredder |
| 7:09 | Acolyte |
| 7:09 | Acolyte |
| 7:16 | Ziggurat |
| 7:27 | Death Coil |
| 7:39 | Impale |
| 7:59 | Boneyard |
| 8:01 | Boneyard |
| 8:03 | Boneyard |
| 8:06 | Creature Attack |
| 8:41 | Ziggurat |
| 8:49 | Unholy Aura |
| 9:03 | Creature Carapace |
| 9:16 | Frost Wyrm |
| 9:40 | Frost Wyrm |
| 9:41 | Frost Wyrm |
| 9:48 | Spirit Tower |
| 9:49 | Spirit Tower |
| 9:53 | Scroll of Town Portal |
| 10:06 | Orb of Corruption |
| 10:18 | Ziggurat |
| 10:26 | Frost Wyrm |
| 10:50 | Frost Wyrm |
| 10:59 | Freezing Breath |
| 11:09 | Improved Creature Attack |
| 11:40 | Frost Wyrm |
| 12:17 | Frost Wyrm |
| 12:49 | Advanced Creature Attack |
| 13:00 | Spiked Carapace |
| 13:39 | Death Coil |
| 14:55 | Frost Wyrm |
| 14:56 | Improved Creature Carapace |
| 16:19 | Frost Wyrm |
| 17:00 | Frost Wyrm |
| 17:08 | Scroll of Town Portal |
| 17:13 | Ritual Dagger |
| 17:14 | Rod of Necromancy |
| 17:42 | Slaughterhouse |
| 17:44 | Acolyte |
| 17:52 | Sacrificial Pit |
| 18:23 | Advanced Creature Carapace |
| 18:36 | Necropolis |
| 18:50 | Crypt Fiend |
| 18:52 | Web |
| 18:53 | Acolyte |
| 18:59 | Scroll of Town Portal |
| 19:15 | Burrow |
| 19:15 | Cannibalize |
| 19:17 | Crypt |
| 19:46 | Obsidian Statue |
| 19:55 | Spirit Tower |
| 20:19 | Crypt Fiend |
| 20:19 | Crypt Fiend |
| 20:22 | Crypt Fiend |
| 20:26 | Obsidian Statue |
| 20:43 | Acolyte |
| 21:14 | Crypt Fiend |
| 21:15 | Crypt Fiend |
| 21:28 | Spirit Tower |
| 21:46 | Necropolis |
| 22:24 | Unholy Aura |
| 23:39 | Frost Wyrm |
| 23:49 | Ziggurat |
| 23:50 | Acolyte |
| 23:51 | Ziggurat |
| 23:53 | Ziggurat |
| 23:54 | Ziggurat |
| 24:00 | Ziggurat |
| 24:03 | Ziggurat |
| 24:04 | Ziggurat |
| 24:40 | Acolyte |
| 24:41 | Spirit Tower |
| 24:43 | Spirit Tower |
| 24:44 | Spirit Tower |
| 24:48 | Spirit Tower |
| 24:51 | Spirit Tower |
| 24:54 | Spirit Tower |
| 24:56 | Spirit Tower |
| 25:25 | Scroll of Town Portal |
| 25:25 | Potion of Lesser Invulnerability |
| 26:27 | Impale |
| 26:54 | Obsidian Statue |
| 26:56 | Frost Wyrm |
| 27:05 | Orb of Corruption |
| 27:09 | Acolyte |
| 27:10 | Acolyte |
| 27:17 | Scroll of Town Portal |
| 27:23 | Acolyte |
| 27:26 | Storm Bolt |
| 27:50 | Frost Wyrm |
| 27:50 | Frost Wyrm |
| 27:52 | Crypt Fiend |
| 27:52 | Crypt Fiend |
| 27:54 | Obsidian Statue |
| 29:37 | Crypt Fiend |
| 30:27 | Frost Wyrm |
| 30:28 | Frost Wyrm |
| 30:35 | Potion of Healing |
| 30:38 | Ritual Dagger |
| 31:08 | Frost Wyrm |
| 32:19 | Necropolis |
| 32:37 | Scroll of Town Portal |
| 33:38 | Unholy Aura |
| 34:01 | Frost Wyrm |
| 34:02 | Frost Wyrm |
| 34:03 | Obsidian Statue |
| 34:11 | Goblin Sapper |
| 34:12 | Goblin Sapper |
| 34:12 | Goblin Sapper |
| 35:36 | Locust Swarm |
| 36:15 | Destroyer Form |
| 36:23 | Necropolis |
| 36:40 | Potion of Healing |
| 36:41 | Scroll of Town Portal |
| 36:47 | Potion of Healing |
| 37:26 | Obsidian Statue |
| 38:01 | Ziggurat |
| 38:02 | Ziggurat |
| 38:06 | Ziggurat |
| 38:09 | Ziggurat |
| 38:17 | Ziggurat |
| 38:38 | Necropolis |
| 38:54 | Acolyte |
| 39:04 | Spirit Tower |
| 39:05 | Spirit Tower |
| 39:10 | Spirit Tower |
| 39:15 | Nerubian Tower |
| 40:30 | Obsidian Statue |
| 40:30 | Crypt Fiend |
| 40:31 | Crypt Fiend |
| 40:34 | Acolyte |
| Right click | 2613 |
| Select group | 1847 |
| Select | 1217 |
| Misc. action | 391 |
| Build/train/purchase | 169 |
| Use ability | 137 |
| Assign group | 55 |
| Esc | 13 |
| Item give/drop | 11 |
| Minimap ping | 2 |
| Remove unit | 1 |


| Scroll of Regeneration | 4 | 400 |
| Potion of Healing | 1 | 150 |
| Potion of Mana | 1 | 200 |
| Mechanical Critter | 2 | 100 |
| Lesser Clarity Potion | 2 | 140 |
| Scroll of Town Portal | 2 | 700 |
| total: | 12 | 1690g |
| Peasant | 12 | 900 | / | 0 |
| Rifleman | 8 | 1640 | / | 240 |
| Flying Machine | 5 | 500 | / | 150 |
| Sorceress | 1 | 155 | / | 20 |
| Priest | 3 | 405 | / | 30 |
| Spell Breaker | 1 | 215 | / | 30 |
| Gryphon Rider | 1 | 280 | / | 70 |
| Dragonhawk Rider | 5 | 1000 | / | 150 |
| Mortar Team | 14 | 2520 | / | 980 |
| Siege Engine | 7 | 1365 | / | 420 |
| Goblin Shredder | 1 | 375 | / | 100 |
| total: | 58 | 9355g | / | 2190w |
| Scout Tower | 14 | 420 | / | 280 |
| Arcane Tower | 2 | 140 | / | 100 |
| Guard Tower | 4 | 280 | / | 200 |
| Blacksmith | 1 | 140 | / | 60 |
| Altar of Kings | 1 | 180 | / | 50 |
| Barracks | 2 | 320 | / | 120 |
| Farm | 14 | 1120 | / | 280 |
| Arcane Vault | 1 | 130 | / | 30 |
| Lumber Mill | 1 | 120 | / | 0 |
| Town Hall | 4 | 1540 | / | 820 |
| Arcane Sanctum | 2 | 300 | / | 280 |
| Workshop | 4 | 560 | / | 560 |
| Gryphon Aviary | 3 | 420 | / | 450 |
| Keep | 1 | 320 | / | 210 |
| Castle | 1 | 360 | / | 210 |
| total: | 47 | 5250g | / | 2930w |
| 0:02 | Peasant |
| 0:02 | Peasant |
| 0:04 | Peasant |
| 0:24 | Peasant |
| 0:45 | Peasant |
| 0:51 | Blacksmith |
| 0:59 | Altar of Kings |
| 1:03 | Barracks |
| 1:08 | Farm |
| 1:09 | Peasant |
| 1:12 | Barracks |
| 1:16 | Peasant |
| 1:20 | Farm |
| 1:31 | Peasant |
| 1:40 | Peasant |
| 1:51 | Farm |
| 2:11 | Farm |
| 2:19 | Rifleman |
| 2:27 | Peasant |
| 2:33 | Scout Tower |
| 2:51 | Farm |
| 2:54 | Rifleman |
| 2:56 | Peasant |
| 3:07 | Arcane Tower |
| 3:12 | Arcane Vault |
| 3:30 | Rifleman |
| 3:33 | Holy Light |
| 3:41 | Scout Tower |
| 3:46 | Scout Tower |
| 3:47 | Scout Tower |
| 3:49 | Scout Tower |
| 4:01 | Scout Tower |
| 4:03 | Scout Tower |
| 4:04 | Scout Tower |
| 4:06 | Scout Tower |
| 4:08 | Scout Tower |
| 4:12 | Rifleman |
| 4:24 | Black Gunpowder |
| 4:31 | Lumber Mill |
| 4:46 | Rifleman |
| 4:51 | Scout Tower |
| 4:53 | Scout Tower |
| 4:54 | Scout Tower |
| 5:00 | Devotion Aura |
| 5:05 | Rifleman |
| 5:37 | Keep |
| 5:41 | Guard Tower |
| 6:06 | Guard Tower |
| 6:07 | Rifleman |
| 6:14 | Arcane Tower |
| 6:24 | Improved Lumber Harvesting |
| 6:50 | Holy Light |
| 7:27 | Town Hall |
| 7:36 | Guard Tower |
| 7:38 | Guard Tower |
| 7:39 | Studded Leather Armor |
| 7:41 | Improved Masonry |
| 7:53 | Scroll of Regeneration |
| 8:07 | Farm |
| 8:09 | Farm |
| 8:12 | Advanced Lumber Harvesting |
| 8:21 | Long Rifles |
| 8:39 | Peasant |
| 9:15 | Divine Shield |
| 9:23 | Refined Gunpowder |
| 9:27 | Arcane Sanctum |
| 9:40 | Farm |
| 9:51 | Advanced Masonry |
| 10:35 | Flame Strike |
| 11:14 | Castle |
| 11:17 | Goblin Shredder |
| 11:24 | Scroll of Regeneration |
| 11:26 | Scroll of Town Portal |
| 11:30 | Potion of Healing |
| 11:30 | Potion of Mana |
| 11:32 | Mechanical Critter |
| 11:32 | Mechanical Critter |
| 11:39 | Lesser Clarity Potion |
| 11:48 | Lesser Clarity Potion |
| 11:53 | Reinforced Leather Armor |
| 12:09 | Sorceress Adept Training |
| 12:09 | Priest Adept Training |
| 12:24 | Workshop |
| 12:30 | Gryphon Aviary |
| 13:29 | Iron Forged Swords |
| 13:29 | Iron Plating |
| 13:36 | Siphon Mana |
| 13:40 | Fragmentation Shards |
| 13:48 | Arcane Sanctum |
| 13:52 | Gryphon Aviary |
| 14:02 | Gryphon Aviary |
| 14:14 | Imbued Masonry |
| 14:33 | Storm Hammers |
| 14:54 | Control Magic |
| 14:57 | Flying Machine |
| 15:00 | Magic Sentry |
| 15:06 | Sorceress |
| 15:06 | Priest |
| 15:06 | Spell Breaker |
| 15:27 | Holy Light |
| 15:53 | Gryphon Rider |
| 15:56 | Priest |
| 16:03 | Farm |
| 16:04 | Farm |
| 16:05 | Farm |
| 16:05 | Farm |
| 16:07 | Farm |
| 16:12 | Farm |
| 16:22 | Cloud |
| 16:23 | Dragonhawk Rider |
| 16:25 | Mortar Team |
| 16:26 | Mortar Team |
| 16:31 | Sorceress Master Training |
| 16:48 | Dragonhawk Rider |
| 16:52 | Dragonhawk Rider |
| 17:24 | Mortar Team |
| 17:28 | Flame Strike |
| 18:23 | Barrage |
| 18:30 | Workshop |
| 18:31 | Workshop |
| 18:47 | Scroll of Town Portal |
| 18:57 | Scroll of Regeneration |
| 19:20 | Workshop |
| 19:30 | Flying Machine |
| 19:30 | Flying Machine |
| 19:39 | Flying Machine |
| 19:51 | Scout Tower |
| 20:40 | Siege Engine |
| 21:17 | Siege Engine |
| 21:27 | Siege Engine |
| 22:19 | Town Hall |
| 23:42 | Siege Engine |
| 24:06 | Mortar Team |
| 24:24 | Mortar Team |
| 24:30 | Mortar Team |
| 26:33 | Mortar Team |
| 26:33 | Siege Engine |
| 26:35 | Rifleman |
| 26:37 | Dragonhawk Rider |
| 27:17 | Mortar Team |
| 27:53 | Priest |
| 27:56 | Dragonhawk Rider |
| 30:27 | Town Hall |
| 31:02 | Town Hall |
| 31:16 | Mortar Team |
| 32:05 | Mortar Team |
| 32:12 | Mortar Team |
| 32:13 | Mortar Team |
| 32:40 | Siege Engine |
| 33:31 | Resurrection |
| 33:56 | Siege Engine |
| 33:58 | Mortar Team |
| 34:57 | Siphon Mana |
| 35:31 | Mortar Team |
| 36:21 | Scroll of Regeneration |
| 37:17 | Flying Machine |
| Right click | 1359 |
| Select | 770 |
| Build/train/purchase | 191 |
| Use ability | 57 |
| Misc. action | 33 |
| Item give/drop | 11 |
| Remove unit | 2 |
| Select group | 2 |
| Assign group | 1 |



| Scroll of Regeneration | 3 | 300 |
| Orb of Fire | 1 | 325 |
| Ivory Tower | 3 | 120 |
| Scroll of Healing | 1 | 250 |
| Scroll of Town Portal | 3 | 1050 |
| Boots of Speed | 1 | 250 |
| total: | 12 | 2295g |
| Peasant | 14 | 1050 | / | 0 |
| Footman | 5 | 675 | / | 0 |
| Spell Breaker | 3 | 645 | / | 90 |
| Priest | 6 | 810 | / | 60 |
| Dragonhawk Rider | 5 | 1000 | / | 150 |
| Gryphon Rider | 3 | 840 | / | 210 |
| Siege Engine | 5 | 975 | / | 300 |
| Knight | 2 | 490 | / | 120 |
| Goblin Shredder | 1 | 375 | / | 100 |
| total: | 44 | 6860g | / | 1030w |
| Scout Tower | 30 | 900 | / | 600 |
| Arcane Tower | 1 | 70 | / | 50 |
| Guard Tower | 13 | 910 | / | 650 |
| Altar of Kings | 1 | 180 | / | 50 |
| Barracks | 1 | 160 | / | 60 |
| Farm | 14 | 1120 | / | 280 |
| Arcane Vault | 2 | 260 | / | 60 |
| Lumber Mill | 1 | 120 | / | 0 |
| Town Hall | 1 | 385 | / | 205 |
| Blacksmith | 1 | 140 | / | 60 |
| Arcane Sanctum | 2 | 300 | / | 280 |
| Gryphon Aviary | 3 | 420 | / | 450 |
| Workshop | 2 | 280 | / | 280 |
| Keep | 1 | 320 | / | 210 |
| Castle | 1 | 360 | / | 210 |
| total: | 58 | 4265g | / | 2325w |
| 0:02 | Peasant |
| 0:03 | Peasant |
| 0:09 | Altar of Kings |
| 0:11 | Barracks |
| 0:19 | Farm |
| 0:31 | Peasant |
| 0:37 | Peasant |
| 0:45 | Farm |
| 0:57 | Peasant |
| 1:16 | Peasant |
| 1:21 | Farm |
| 1:31 | Peasant |
| 1:34 | Footman |
| 1:36 | Farm |
| 1:40 | Scout Tower |
| 1:43 | Peasant |
| 1:53 | Footman |
| 2:02 | Peasant |
| 2:09 | Arcane Tower |
| 2:11 | Summon Water Elemental |
| 2:22 | Footman |
| 2:58 | Footman |
| 3:05 | Brilliance Aura |
| 3:16 | Farm |
| 3:41 | Footman |
| 3:42 | Keep |
| 3:53 | Arcane Vault |
| 3:58 | Arcane Vault |
| 4:15 | Defend |
| 4:17 | Farm |
| 4:21 | Lumber Mill |
| 4:33 | Summon Water Elemental |
| 5:18 | Farm |
| 5:46 | Town Hall |
| 5:49 | Scout Tower |
| 6:14 | Peasant |
| 6:22 | Guard Tower |
| 6:51 | Arcane Sanctum |
| 7:00 | Brilliance Aura |
| 7:10 | Scroll of Regeneration |
| 7:10 | Scroll of Regeneration |
| 7:10 | Scroll of Regeneration |
| 7:16 | Storm Bolt |
| 7:21 | Peasant |
| 7:22 | Peasant |
| 7:27 | Goblin Shredder |
| 8:05 | Arcane Sanctum |
| 8:14 | Spell Breaker |
| 8:16 | Priest |
| 8:40 | Improved Masonry |
| 8:40 | Advanced Masonry |
| 8:43 | Scout Tower |
| 8:44 | Scout Tower |
| 8:50 | Priest |
| 8:54 | Scout Tower |
| 8:57 | Scout Tower |
| 9:02 | Scout Tower |
| 9:04 | Peasant |
| 9:04 | Peasant |
| 9:23 | Farm |
| 9:24 | Farm |
| 9:25 | Spell Breaker |
| 9:28 | Castle |
| 9:29 | Guard Tower |
| 10:13 | Thunder Clap |
| 10:20 | Blacksmith |
| 10:21 | Priest Adept Training |
| 10:22 | Priest |
| 10:25 | Farm |
| 11:12 | Priest |
| 11:12 | Priest |
| 11:30 | Boots of Speed |
| 11:31 | Scroll of Healing |
| 11:41 | Iron Forged Swords |
| 11:43 | Gryphon Aviary |
| 11:45 | Gryphon Aviary |
| 11:47 | Gryphon Aviary |
| 11:51 | Studded Leather Armor |
| 12:14 | Scout Tower |
| 12:15 | Scout Tower |
| 12:17 | Scout Tower |
| 12:20 | Scout Tower |
| 12:31 | Priest Master Training |
| 12:32 | Control Magic |
| 12:33 | Animal War Training |
| 12:34 | Sundering Blades |
| 13:03 | Dragonhawk Rider |
| 13:23 | Dragonhawk Rider |
| 13:26 | Dragonhawk Rider |
| 13:33 | Scout Tower |
| 13:36 | Storm Hammers |
| 13:37 | Cloud |
| 13:44 | Steel Forged Swords |
| 13:44 | Iron Plating |
| 14:05 | Holy Light |
| 14:19 | Guard Tower |
| 14:21 | Imbued Masonry |
| 14:23 | Guard Tower |
| 14:36 | Reinforced Leather Armor |
| 15:15 | Magic Sentry |
| 15:18 | Farm |
| 16:05 | Dragonhawk Rider |
| 16:34 | Dragonhawk Rider |
| 16:41 | Brilliance Aura |
| 17:06 | Gryphon Rider |
| 17:24 | Farm |
| 17:25 | Farm |
| 17:31 | Farm |
| 17:53 | Scroll of Town Portal |
| 17:53 | Scroll of Town Portal |
| 18:13 | Dragonhide Armor |
| 18:31 | Gryphon Rider |
| 18:54 | Priest |
| 19:37 | Scroll of Town Portal |
| 20:23 | Workshop |
| 20:44 | Gryphon Rider |
| 20:51 | Orb of Fire |
| 21:10 | Ivory Tower |
| 21:10 | Ivory Tower |
| 21:10 | Ivory Tower |
| 21:31 | Scout Tower |
| 21:42 | Guard Tower |
| 22:16 | Scout Tower |
| 22:16 | Scout Tower |
| 22:17 | Scout Tower |
| 22:18 | Guard Tower |
| 22:23 | Scout Tower |
| 22:28 | Barrage |
| 22:28 | Siege Engine |
| 22:29 | Siege Engine |
| 22:51 | Guard Tower |
| 23:11 | Scout Tower |
| 23:12 | Scout Tower |
| 23:12 | Scout Tower |
| 23:20 | Guard Tower |
| 23:24 | Workshop |
| 23:42 | Scout Tower |
| 23:43 | Scout Tower |
| 23:44 | Scout Tower |
| 23:56 | Scout Tower |
| 23:57 | Guard Tower |
| 24:00 | Scout Tower |
| 24:01 | Guard Tower |
| 24:02 | Scout Tower |
| 24:26 | Guard Tower |
| 24:28 | Scout Tower |
| 24:29 | Guard Tower |
| 24:34 | Scout Tower |
| 24:35 | Scout Tower |
| 24:35 | Scout Tower |
| 24:42 | Knight |
| 24:43 | Knight |
| 24:44 | Spell Breaker |
| 24:50 | Guard Tower |
| 25:05 | Siege Engine |
| 25:43 | Siege Engine |
| 25:44 | Siege Engine |
| 26:17 | Divine Shield |
| Select group | 1213 |
| Right click | 716 |
| Select | 636 |
| Misc. action | 606 |
| Build/train/purchase | 163 |
| Assign group | 47 |
| Use ability | 39 |
| Minimap ping | 13 |
| Esc | 5 |
| Item give/drop | 4 |


| Scroll of Town Portal | 2 | 700 |
| Potion of Lesser Invulnerability | 2 | 300 |
| total: | 4 | 1000g |
| Wisp | 41 | 2460 | / | 0 |
| Archer | 21 | 2730 | / | 210 |
| Dryad | 19 | 2755 | / | 1140 |
| Druid of the Talon | 20 | 2900 | / | 400 |
| Glaive Thrower | 11 | 2310 | / | 715 |
| Siege Engine | 8 | 1560 | / | 480 |
| total: | 120 | 14715g | / | 2945w |
| Ancient Protector | 8 | 1080 | / | 640 |
| Ancient of War | 2 | 300 | / | 120 |
| Moon Well | 7 | 1260 | / | 280 |
| Altar of Elders | 1 | 180 | / | 50 |
| Ancient of Wonders | 1 | 90 | / | 30 |
| Tree of Life | 6 | 2040 | / | 1110 |
| Hunter's Hall | 1 | 210 | / | 100 |
| Ancient of Lore | 1 | 155 | / | 145 |
| Ancient of Wind | 1 | 150 | / | 140 |
| Tree of Ages | 1 | 320 | / | 180 |
| Tree of Eternity | 1 | 330 | / | 200 |
| Workshop | 1 | 140 | / | 140 |
| total: | 29 | 5605g | / | 2755w |
| 0:07 | Wisp |
| 0:07 | Wisp |
| 0:07 | Wisp |
| 0:07 | Wisp |
| 0:07 | Wisp |
| 0:08 | Wisp |
| 0:24 | Ancient of War |
| 0:36 | Moon Well |
| 0:37 | Wisp |
| 0:37 | Wisp |
| 1:03 | Altar of Elders |
| 1:32 | Archer |
| 1:35 | Moon Well |
| 1:43 | Archer |
| 1:43 | Wisp |
| 1:49 | Wisp |
| 2:16 | Archer |
| 2:17 | Wisp |
| 2:19 | Ancient of Wonders |
| 2:30 | Archer |
| 2:45 | Black Arrow |
| 2:54 | Archer |
| 3:04 | Moon Well |
| 3:12 | Archer |
| 4:00 | Wisp |
| 4:13 | Silence |
| 4:23 | Tree of Ages |
| 4:29 | Archer |
| 4:34 | Tree of Life |
| 4:53 | Archer |
| 5:14 | Hunter's Hall |
| 5:16 | Archer |
| 5:36 | Archer |
| 5:57 | Black Arrow |
| 6:08 | Moon Well |
| 6:21 | Strength of the Moon |
| 6:21 | Moon Armor |
| 7:01 | Improved Bows |
| 7:03 | Ancient of Lore |
| 7:04 | Wisp |
| 7:04 | Wisp |
| 7:06 | Ancient of Wind |
| 7:07 | Wisp |
| 7:07 | Wisp |
| 7:07 | Wisp |
| 7:08 | Wisp |
| 7:19 | Wisp |
| 7:50 | Silence |
| 8:22 | Dryad |
| 8:22 | Druid of the Talon Adept Training |
| 8:23 | Tree of Eternity |
| 8:43 | Archer |
| 8:46 | Moon Well |
| 8:49 | Druid of the Talon |
| 8:49 | Dryad |
| 8:54 | Trueshot Aura |
| 9:06 | Archer |
| 9:09 | Moon Well |
| 9:29 | Archer |
| 9:33 | Abolish Magic |
| 9:44 | Dryad |
| 9:46 | Druid of the Talon |
| 9:47 | Archer |
| 10:01 | Reinforced Hides |
| 10:01 | Strength of the Wild |
| 10:25 | Potion of Lesser Invulnerability |
| 10:26 | Scroll of Town Portal |
| 10:33 | Dryad |
| 10:33 | Dryad |
| 10:42 | Druid of the Talon |
| 11:03 | Druid of the Talon Master Training |
| 11:07 | Searing Arrows |
| 11:21 | Dryad |
| 11:33 | Potion of Lesser Invulnerability |
| 11:35 | Dryad |
| 11:36 | Druid of the Talon |
| 12:03 | Druid of the Talon |
| 12:17 | Marksmanship |
| 12:34 | Black Arrow |
| 12:48 | Trueshot Aura |
| 12:49 | Druid of the Talon |
| 13:06 | Mark of the Talon |
| 13:09 | Improved Strength of the Moon |
| 13:43 | Improved Strength of the Wild |
| 13:44 | Well Spring |
| 15:10 | Wisp |
| 15:11 | Wisp |
| 16:28 | Druid of the Talon |
| 16:40 | Dryad |
| 16:40 | Dryad |
| 16:41 | Dryad |
| 16:55 | Dryad |
| 16:56 | Druid of the Talon |
| 16:56 | Druid of the Talon |
| 17:04 | Dryad |
| 17:05 | Druid of the Talon |
| 17:30 | Dryad |
| 17:32 | Druid of the Talon |
| 17:32 | Druid of the Talon |
| 17:34 | Improved Reinforced Hides |
| 17:34 | Improved Moon Armor |
| 18:14 | Tree of Life |
| 18:39 | Tree of Life |
| 18:50 | Advanced Reinforced Hides |
| 19:11 | Wisp |
| 20:19 | Nature's Blessing |
| 20:26 | Searing Arrows |
| 20:31 | Tree of Life |
| 20:37 | Tree of Life |
| 20:44 | Moon Well |
| 20:50 | Ultravision |
| 21:12 | Wisp |
| 21:13 | Wisp |
| 21:13 | Wisp |
| 21:13 | Wisp |
| 21:13 | Wisp |
| 22:01 | Ancient Protector |
| 22:16 | Wisp |
| 22:16 | Wisp |
| 22:21 | Ancient Protector |
| 22:22 | Ancient Protector |
| 22:38 | Scroll of Town Portal |
| 22:46 | Archer |
| 22:46 | Archer |
| 22:50 | Dryad |
| 22:52 | Druid of the Talon |
| 22:52 | Druid of the Talon |
| 22:56 | Wisp |
| 23:05 | Wisp |
| 23:09 | Ancient Protector |
| 23:23 | Dryad |
| 23:39 | Druid of the Talon |
| 23:40 | Dryad |
| 23:40 | Archer |
| 23:40 | Archer |
| 23:42 | Wisp |
| 23:42 | Wisp |
| 23:42 | Wisp |
| 23:42 | Wisp |
| 23:43 | Wisp |
| 24:25 | Wisp |
| 24:29 | Ancient Protector |
| 24:38 | Ancient Protector |
| 24:41 | Ancient Protector |
| 24:46 | Wisp |
| 26:03 | Archer |
| 26:13 | Archer |
| 26:14 | Dryad |
| 26:14 | Dryad |
| 26:14 | Druid of the Talon |
| 26:14 | Druid of the Talon |
| 26:15 | Druid of the Talon |
| 26:36 | Archer |
| 26:47 | Druid of the Talon |
| 26:47 | Dryad |
| 27:19 | Glaive Thrower |
| 27:19 | Glaive Thrower |
| 27:46 | Glaive Thrower |
| 27:46 | Glaive Thrower |
| 27:48 | Ancient of War |
| 27:54 | Wisp |
| 27:54 | Wisp |
| 28:05 | Backpack |
| 28:11 | Workshop |
| 28:34 | Druid of the Talon |
| 28:40 | Vorpal Blades |
| 28:45 | Ancient Protector |
| 29:01 | Glaive Thrower |
| 29:15 | Glaive Thrower |
| 29:56 | Glaive Thrower |
| 30:08 | Siege Engine |
| 30:08 | Siege Engine |
| 30:17 | Iron Forged Swords |
| 30:20 | Black Gunpowder |
| 30:31 | Charm |
| 30:56 | Siege Engine |
| 31:03 | Glaive Thrower |
| 31:17 | Wisp |
| 32:32 | Siege Engine |
| 32:36 | Advanced Strength of the Moon |
| 32:36 | Advanced Moon Armor |
| 34:23 | Glaive Thrower |
| 34:23 | Glaive Thrower |
| 34:41 | Searing Arrows |
| 34:59 | Siege Engine |
| 35:00 | Siege Engine |
| 35:23 | Glaive Thrower |
| 35:44 | Tree of Life |
| 37:00 | Refined Gunpowder |
| 38:01 | Siege Engine |
| 39:10 | Siege Engine |
| Select group | 2216 |
| Right click | 1880 |
| Select | 841 |
| Build/train/purchase | 232 |
| Assign group | 71 |
| Use ability | 58 |
| Minimap ping | 22 |
| Esc | 16 |
| Misc. action | 1 |
| Item give/drop | 1 |
166 units @ 17.5k
/ 2.7k
219 buildings @ 16.5k
/ 8.2k
uhhwats
(11)
(41:36) : 
| Healing Salve | 6 | 600 |
| Lesser Clarity Potion | 13 | 910 |
| Scroll of Speed | 1 | 50 |
| Orb of Lightning | 1 | 375 |
| Potion of Healing | 5 | 750 |
| Potion of Mana | 11 | 2200 |
| Tiny Great Hall | 1 | 600 |
| Boots of Speed | 1 | 250 |
| Staff of Teleportation | 1 | 150 |
| total: | 40 | 5885g |
| Peon | 18 | 1350 | / | 0 |
| Troll Witch Doctor | 9 | 1305 | / | 225 |
| Goblin Shredder | 1 | 375 | / | 100 |
| total: | 28 | 3030g | / | 325w |
| Watch Tower | 4 | 440 | / | 320 |
| Altar of Storms | 2 | 360 | / | 100 |
| Orc Burrow | 6 | 960 | / | 240 |
| Voodoo Lounge | 3 | 390 | / | 90 |
| War Mill | 1 | 205 | / | 0 |
| Great Hall | 1 | 385 | / | 185 |
| Spirit Lodge | 1 | 150 | / | 150 |
| Stronghold | 1 | 315 | / | 190 |
| Fortress | 1 | 325 | / | 190 |
| total: | 18 | 2890g | / | 1085w |
| 0:14 | Peon |
| 0:15 | Peon |
| 0:19 | Altar of Storms |
| 0:20 | Peon |
| 0:27 | Orc Burrow |
| 0:50 | Peon |
| 1:05 | Voodoo Lounge |
| 1:07 | Peon |
| 1:36 | Peon |
| 1:43 | War Mill |
| 1:58 | Peon |
| 2:17 | Peon |
| 2:20 | Healing Salve |
| 2:21 | Lesser Clarity Potion |
| 2:22 | Lesser Clarity Potion |
| 2:24 | Scroll of Speed |
| 2:37 | Wind Walk |
| 3:41 | Great Hall |
| 4:19 | Watch Tower |
| 4:20 | Watch Tower |
| 4:20 | Watch Tower |
| 4:21 | Watch Tower |
| 4:26 | Healing Salve |
| 5:04 | Critical Strike |
| 5:25 | Peon |
| 5:29 | Orc Burrow |
| 5:34 | Peon |
| 5:34 | Peon |
| 6:03 | Stronghold |
| 6:15 | Peon |
| 6:16 | Peon |
| 6:23 | Goblin Shredder |
| 7:26 | Voodoo Lounge |
| 8:28 | Spirit Lodge |
| 8:39 | Fortress |
| 9:10 | Voodoo Lounge |
| 9:43 | Witch Doctor Adept Training |
| 11:00 | Witch Doctor Master Training |
| 11:06 | Troll Witch Doctor |
| 11:06 | Troll Witch Doctor |
| 11:09 | Orc Burrow |
| 11:10 | Orc Burrow |
| 11:16 | Orb of Lightning |
| 11:54 | Boots of Speed |
| 12:17 | Orc Burrow |
| 12:17 | Orc Burrow |
| 13:14 | Troll Witch Doctor |
| 13:27 | Staff of Teleportation |
| 13:53 | Reinforced Defenses |
| 16:27 | Critical Strike |
| 17:24 | Potion of Healing |
| 17:27 | Potion of Mana |
| 18:52 | Wind Walk |
| 20:08 | Critical Strike |
| 20:11 | Wind Walk |
| 20:11 | Wind Walk |
| 20:11 | Wind Walk |
| 21:14 | Altar of Storms |
| 21:35 | Healing Salve |
| 21:39 | Lesser Clarity Potion |
| 21:41 | Potion of Mana |
| 21:55 | Tiny Great Hall |
| 22:34 | Lesser Clarity Potion |
| 22:36 | Potion of Mana |
| 23:50 | Peon |
| 23:50 | Peon |
| 23:50 | Peon |
| 23:51 | Peon |
| 23:52 | Peon |
| 25:27 | Bladestorm |
| 26:00 | Lesser Clarity Potion |
| 26:02 | Potion of Mana |
| 26:05 | Healing Salve |
| 26:08 | Potion of Healing |
| 26:34 | Lesser Clarity Potion |
| 26:36 | Potion of Mana |
| 27:20 | Lesser Clarity Potion |
| 29:18 | Lesser Clarity Potion |
| 29:20 | Potion of Mana |
| 29:25 | Potion of Healing |
| 30:57 | Critical Strike |
| 32:07 | Troll Witch Doctor |
| 32:08 | Troll Witch Doctor |
| 32:08 | Troll Witch Doctor |
| 32:11 | Troll Witch Doctor |
| 32:21 | Lesser Clarity Potion |
| 32:24 | Potion of Mana |
| 33:56 | Healing Salve |
| 34:00 | Lesser Clarity Potion |
| 34:03 | Potion of Mana |
| 35:05 | Potion of Mana |
| 35:06 | Potion of Healing |
| 36:01 | Lesser Clarity Potion |
| 36:23 | Mirror Image |
| 36:26 | Troll Witch Doctor |
| 36:26 | Troll Witch Doctor |
| 36:30 | Lesser Clarity Potion |
| 36:33 | Healing Salve |
| 36:39 | Potion of Mana |
| 39:26 | Lesser Clarity Potion |
| 39:45 | Potion of Mana |
| 39:48 | Potion of Healing |
| Right click | 2733 |
| Select group | 402 |
| Build/train/purchase | 184 |
| Select | 166 |
| Resource trade | 122 |
| Use ability | 34 |
| Item give/drop | 12 |
| Assign group | 5 |
| Minimap ping | 5 |
DudeWhy
(236)
(41:37) : 


| Peasant | 36 | 2700 | / | 0 |
| Mortar Team | 6 | 1080 | / | 420 |
| Flying Machine | 3 | 300 | / | 90 |
| Goblin Zeppelin | 1 | 240 | / | 60 |
| total: | 46 | 4320g | / | 570w |
| Scout Tower | 23 | 690 | / | 460 |
| Arcane Tower | 3 | 210 | / | 150 |
| Guard Tower | 14 | 980 | / | 700 |
| Altar of Kings | 2 | 360 | / | 100 |
| Farm | 8 | 640 | / | 160 |
| Lumber Mill | 1 | 120 | / | 0 |
| Town Hall | 6 | 2310 | / | 1230 |
| Blacksmith | 1 | 140 | / | 60 |
| Workshop | 2 | 280 | / | 280 |
| Keep | 1 | 320 | / | 210 |
| Castle | 1 | 360 | / | 210 |
| total: | 43 | 4540g | / | 2290w |
| 0:02 | Peasant |
| 0:04 | Altar of Kings |
| 0:09 | Peasant |
| 0:18 | Farm |
| 0:19 | Peasant |
| 0:34 | Lumber Mill |
| 0:35 | Peasant |
| 0:42 | Peasant |
| 0:53 | Farm |
| 0:54 | Scout Tower |
| 0:58 | Peasant |
| 1:25 | Peasant |
| 1:31 | Peasant |
| 1:35 | Arcane Tower |
| 1:38 | Improved Lumber Harvesting |
| 2:12 | Storm Bolt |
| 2:13 | Peasant |
| 2:29 | Peasant |
| 2:31 | Scout Tower |
| 2:56 | Peasant |
| 2:56 | Peasant |
| 3:09 | Town Hall |
| 3:16 | Scout Tower |
| 3:39 | Peasant |
| 3:40 | Guard Tower |
| 3:44 | Scout Tower |
| 3:55 | Arcane Tower |
| 4:29 | Improved Masonry |
| 4:40 | Keep |
| 4:54 | Peasant |
| 4:54 | Peasant |
| 4:58 | Guard Tower |
| 5:00 | Scout Tower |
| 5:02 | Scout Tower |
| 5:03 | Scout Tower |
| 5:13 | Bash |
| 5:27 | Peasant |
| 5:27 | Peasant |
| 5:48 | Bash |
| 5:57 | Guard Tower |
| 6:09 | Blacksmith |
| 6:12 | Scout Tower |
| 6:14 | Scout Tower |
| 6:16 | Scout Tower |
| 6:24 | Guard Tower |
| 6:25 | Guard Tower |
| 6:52 | Guard Tower |
| 6:54 | Scout Tower |
| 6:54 | Scout Tower |
| 7:00 | Peasant |
| 7:00 | Peasant |
| 7:01 | Advanced Lumber Harvesting |
| 7:01 | Advanced Masonry |
| 7:04 | Castle |
| 7:13 | Bash |
| 7:21 | Guard Tower |
| 7:22 | Guard Tower |
| 7:43 | Scout Tower |
| 7:44 | Scout Tower |
| 7:50 | Scout Tower |
| 7:51 | Scout Tower |
| 7:52 | Scout Tower |
| 7:59 | Black Gunpowder |
| 8:13 | Holy Light |
| 8:14 | Holy Light |
| 8:18 | Guard Tower |
| 8:52 | Guard Tower |
| 8:58 | Workshop |
| 9:00 | Workshop |
| 9:45 | Imbued Masonry |
| 9:47 | Guard Tower |
| 9:52 | Scout Tower |
| 9:53 | Scout Tower |
| 9:55 | Scout Tower |
| 9:56 | Scout Tower |
| 10:00 | Fragmentation Shards |
| 10:03 | Flare |
| 10:04 | Refined Gunpowder |
| 11:14 | Mortar Team |
| 11:14 | Mortar Team |
| 11:18 | Guard Tower |
| 11:19 | Scout Tower |
| 11:21 | Scout Tower |
| 11:23 | Farm |
| 11:24 | Farm |
| 12:00 | Guard Tower |
| 13:17 | Goblin Zeppelin |
| 14:15 | Imbued Gunpowder |
| 14:16 | Studded Leather Armor |
| 14:44 | Farm |
| 14:45 | Farm |
| 14:46 | Farm |
| 14:48 | Farm |
| 16:20 | Storm Bolt |
| 16:23 | Holy Light |
| 16:24 | Divine Shield |
| 17:04 | Storm Bolt |
| 17:09 | Storm Bolt |
| 19:01 | Mortar Team |
| 19:01 | Mortar Team |
| 19:04 | Reinforced Leather Armor |
| 19:05 | Mortar Team |
| 19:33 | Town Hall |
| 20:05 | Bash |
| 20:06 | Holy Light |
| 20:07 | Divine Shield |
| 20:08 | Divine Shield |
| 20:46 | Holy Light |
| 22:08 | Town Hall |
| 22:31 | Bash |
| 22:32 | Flak Cannons |
| 22:33 | Flying Machine Bombs |
| 22:33 | Flying Machine |
| 22:33 | Flying Machine |
| 22:33 | Flying Machine |
| 23:30 | Bash |
| 23:51 | Peasant |
| 23:51 | Peasant |
| 27:45 | Altar of Kings |
| 28:41 | Storm Bolt |
| 29:33 | Divine Shield |
| 29:34 | Holy Light |
| 31:06 | Storm Bolt |
| 31:51 | Peasant |
| 31:51 | Peasant |
| 31:51 | Peasant |
| 31:51 | Peasant |
| 32:18 | Brilliance Aura |
| 33:37 | Holy Light |
| 33:42 | Holy Light |
| 35:38 | Resurrection |
| 36:29 | Town Hall |
| 36:39 | Peasant |
| 36:39 | Peasant |
| 36:39 | Peasant |
| 36:41 | Peasant |
| 37:14 | Town Hall |
| 37:22 | Storm Bolt |
| 37:56 | Town Hall |
| 38:02 | Peasant |
| 38:54 | Mortar Team |
| 38:58 | Peasant |
| 38:58 | Peasant |
| 38:58 | Peasant |
| 40:02 | Peasant |
| 40:02 | Peasant |
| 40:02 | Peasant |
| Right click | 1830 |
| Select group | 510 |
| Select | 463 |
| Use ability | 217 |
| Build/train/purchase | 144 |
| Misc. action | 105 |
| Resource trade | 71 |
| Assign group | 18 |
| Minimap ping | 15 |
| Item give/drop | 1 |
| Remove unit | 1 |


| Peasant | 32 | 2400 | / | 0 |
| Mortar Team | 3 | 540 | / | 210 |
| Sorceress | 7 | 1085 | / | 140 |
| Goblin Shredder | 2 | 750 | / | 200 |
| total: | 44 | 4775g | / | 550w |
| Scout Tower | 113 | 3390 | / | 2260 |
| Arcane Tower | 6 | 420 | / | 300 |
| Guard Tower | 23 | 1610 | / | 1150 |
| Altar of Kings | 1 | 180 | / | 50 |
| Farm | 5 | 400 | / | 100 |
| Lumber Mill | 2 | 240 | / | 0 |
| Arcane Vault | 1 | 130 | / | 30 |
| Blacksmith | 1 | 140 | / | 60 |
| Town Hall | 2 | 770 | / | 410 |
| Cannon Tower | 2 | 240 | / | 200 |
| Arcane Sanctum | 1 | 150 | / | 140 |
| Gryphon Aviary | 1 | 140 | / | 150 |
| Workshop | 2 | 280 | / | 280 |
| Keep | 1 | 320 | / | 210 |
| Castle | 1 | 360 | / | 210 |
| total: | 129 | 5820g | / | 3480w |
| 0:03 | Peasant |
| 0:04 | Peasant |
| 0:12 | Altar of Kings |
| 0:16 | Farm |
| 0:17 | Farm |
| 0:19 | Peasant |
| 0:43 | Peasant |
| 0:51 | Peasant |
| 1:11 | Lumber Mill |
| 1:14 | Peasant |
| 1:26 | Peasant |
| 1:27 | Peasant |
| 1:36 | Peasant |
| 1:37 | Peasant |
| 1:40 | Peasant |
| 1:58 | Peasant |
| 2:05 | Peasant |
| 2:27 | Peasant |
| 2:32 | Farm |
| 2:34 | Scout Tower |
| 2:37 | Peasant |
| 2:46 | Peasant |
| 2:56 | Storm Bolt |
| 3:02 | Arcane Tower |
| 3:17 | Scout Tower |
| 3:19 | Scout Tower |
| 3:20 | Scout Tower |
| 3:22 | Scout Tower |
| 4:06 | Keep |
| 4:07 | Improved Masonry |
| 4:08 | Improved Lumber Harvesting |
| 4:18 | Scout Tower |
| 4:20 | Scout Tower |
| 4:20 | Scout Tower |
| 4:22 | Scout Tower |
| 4:26 | Scout Tower |
| 4:27 | Scout Tower |
| 4:29 | Guard Tower |
| 4:31 | Scout Tower |
| 4:31 | Scout Tower |
| 4:32 | Scout Tower |
| 4:34 | Scout Tower |
| 4:35 | Scout Tower |
| 4:36 | Scout Tower |
| 4:37 | Scout Tower |
| 4:38 | Scout Tower |
| 4:39 | Scout Tower |
| 4:39 | Scout Tower |
| 4:43 | Scout Tower |
| 4:44 | Scout Tower |
| 4:45 | Scout Tower |
| 4:46 | Scout Tower |
| 5:02 | Arcane Tower |
| 5:40 | Guard Tower |
| 5:42 | Guard Tower |
| 5:44 | Guard Tower |
| 6:01 | Scout Tower |
| 6:02 | Scout Tower |
| 6:03 | Scout Tower |
| 6:04 | Scout Tower |
| 6:05 | Scout Tower |
| 6:06 | Scout Tower |
| 6:08 | Scout Tower |
| 6:09 | Scout Tower |
| 6:10 | Scout Tower |
| 6:11 | Scout Tower |
| 6:11 | Scout Tower |
| 6:12 | Scout Tower |
| 6:13 | Scout Tower |
| 6:13 | Scout Tower |
| 6:33 | Guard Tower |
| 6:41 | Guard Tower |
| 6:45 | Guard Tower |
| 7:03 | Arcane Tower |
| 7:07 | Guard Tower |
| 7:08 | Guard Tower |
| 7:44 | Farm |
| 7:48 | Advanced Masonry |
| 7:56 | Scout Tower |
| 7:59 | Arcane Tower |
| 8:01 | Guard Tower |
| 8:33 | Guard Tower |
| 8:39 | Scout Tower |
| 8:40 | Scout Tower |
| 8:43 | Castle |
| 8:49 | Scout Tower |
| 8:49 | Scout Tower |
| 8:50 | Scout Tower |
| 8:51 | Scout Tower |
| 8:54 | Scout Tower |
| 8:55 | Scout Tower |
| 8:55 | Scout Tower |
| 8:56 | Scout Tower |
| 8:58 | Scout Tower |
| 9:01 | Scout Tower |
| 9:03 | Scout Tower |
| 9:04 | Scout Tower |
| 9:10 | Guard Tower |
| 9:42 | Scout Tower |
| 9:43 | Scout Tower |
| 10:28 | Scout Tower |
| 10:30 | Scout Tower |
| 10:32 | Scout Tower |
| 10:33 | Scout Tower |
| 10:34 | Scout Tower |
| 10:42 | Scout Tower |
| 10:44 | Scout Tower |
| 10:49 | Guard Tower |
| 11:17 | Scout Tower |
| 11:19 | Guard Tower |
| 11:23 | Scout Tower |
| 11:26 | Scout Tower |
| 11:30 | Arcane Sanctum |
| 11:34 | Arcane Vault |
| 11:38 | Gryphon Aviary |
| 11:46 | Imbued Masonry |
| 11:54 | Blacksmith |
| 12:05 | Scout Tower |
| 12:07 | Scout Tower |
| 12:26 | Scout Tower |
| 12:31 | Arcane Tower |
| 12:34 | Scout Tower |
| 12:36 | Scout Tower |
| 12:38 | Guard Tower |
| 12:44 | Magic Sentry |
| 13:23 | Guard Tower |
| 13:26 | Scout Tower |
| 13:33 | Scout Tower |
| 14:43 | Guard Tower |
| 14:48 | Sorceress Adept Training |
| 14:54 | Scout Tower |
| 14:55 | Scout Tower |
| 14:56 | Scout Tower |
| 15:09 | Guard Tower |
| 15:14 | Workshop |
| 15:27 | Scout Tower |
| 17:14 | Fragmentation Shards |
| 18:57 | Peasant |
| 18:57 | Peasant |
| 18:57 | Peasant |
| 18:58 | Peasant |
| 18:59 | Peasant |
| 19:00 | Black Gunpowder |
| 19:03 | Mortar Team |
| 19:03 | Mortar Team |
| 19:04 | Mortar Team |
| 19:09 | Workshop |
| 19:12 | Cannon Tower |
| 19:22 | Scout Tower |
| 19:23 | Scout Tower |
| 19:24 | Scout Tower |
| 19:24 | Scout Tower |
| 19:26 | Scout Tower |
| 19:26 | Scout Tower |
| 19:45 | Divine Shield |
| 19:56 | Sorceress Master Training |
| 19:56 | Sorceress |
| 19:56 | Sorceress |
| 20:02 | Refined Gunpowder |
| 21:11 | Peasant |
| 21:11 | Peasant |
| 21:11 | Peasant |
| 21:11 | Peasant |
| 21:11 | Peasant |
| 21:22 | Cannon Tower |
| 21:36 | Guard Tower |
| 21:38 | Arcane Tower |
| 22:11 | Town Hall |
| 23:46 | Sorceress |
| 23:47 | Sorceress |
| 23:49 | Peasant |
| 23:49 | Peasant |
| 23:49 | Peasant |
| 23:56 | Town Hall |
| 24:22 | Farm |
| 24:30 | Peasant |
| 24:30 | Peasant |
| 24:40 | Imbued Gunpowder |
| 25:02 | Goblin Shredder |
| 27:35 | Sorceress |
| 27:35 | Sorceress |
| 27:36 | Sorceress |
| 27:51 | Divine Shield |
| 27:57 | Peasant |
| 28:19 | Iron Plating |
| 28:20 | Studded Leather Armor |
| 31:37 | Scout Tower |
| 31:39 | Scout Tower |
| 31:40 | Scout Tower |
| 31:42 | Scout Tower |
| 31:43 | Scout Tower |
| 31:45 | Scout Tower |
| 31:47 | Scout Tower |
| 31:48 | Scout Tower |
| 31:49 | Scout Tower |
| 31:50 | Scout Tower |
| 31:51 | Scout Tower |
| 31:51 | Scout Tower |
| 31:52 | Scout Tower |
| 31:52 | Scout Tower |
| 35:35 | Avatar |
| 36:48 | Guard Tower |
| 37:14 | Scout Tower |
| 37:19 | Scout Tower |
| 37:22 | Scout Tower |
| 37:32 | Scout Tower |
| 37:33 | Scout Tower |
| 37:34 | Scout Tower |
| 37:35 | Scout Tower |
| 37:36 | Scout Tower |
| 37:37 | Scout Tower |
| 37:47 | Scout Tower |
| 38:13 | Goblin Shredder |
| 39:05 | Lumber Mill |
| 39:29 | Guard Tower |
| 39:41 | Guard Tower |
| 39:49 | Scout Tower |
| 39:50 | Scout Tower |
| 40:02 | Scout Tower |
| 40:15 | Guard Tower |
| 40:23 | Scout Tower |
| 40:26 | Scout Tower |
| 40:30 | Scout Tower |
| Right click | 1502 |
| Select | 490 |
| Select group | 204 |
| Build/train/purchase | 115 |
| Use ability | 38 |
| Resource trade | 33 |
| Minimap ping | 32 |
| Misc. action | 23 |
| Assign group | 20 |
| Esc | 8 |


| Peasant | 11 | 825 | / | 0 |
| Mortar Team | 3 | 540 | / | 210 |
| Flying Machine | 28 | 2800 | / | 840 |
| Dragonhawk Rider | 6 | 1200 | / | 180 |
| total: | 48 | 5365g | / | 1230w |
| Scout Tower | 2 | 60 | / | 40 |
| Arcane Tower | 2 | 140 | / | 100 |
| Altar of Kings | 2 | 360 | / | 100 |
| Farm | 15 | 1200 | / | 300 |
| Lumber Mill | 2 | 240 | / | 0 |
| Blacksmith | 2 | 280 | / | 120 |
| Arcane Vault | 1 | 130 | / | 30 |
| Town Hall | 1 | 385 | / | 205 |
| Workshop | 3 | 420 | / | 420 |
| Gryphon Aviary | 1 | 140 | / | 150 |
| Keep | 3 | 960 | / | 630 |
| Castle | 2 | 720 | / | 420 |
| total: | 29 | 3215g | / | 1365w |
| 0:04 | Altar of Kings |
| 0:13 | Farm |
| 0:14 | Peasant |
| 0:34 | Peasant |
| 0:34 | Peasant |
| 1:03 | Peasant |
| 1:03 | Peasant |
| 1:17 | Scout Tower |
| 1:38 | Lumber Mill |
| 1:44 | Arcane Tower |
| 1:45 | Peasant |
| 1:46 | Peasant |
| 1:52 | Scout Tower |
| 2:00 | Peasant |
| 2:04 | Farm |
| 2:06 | Peasant |
| 2:20 | Farm |
| 2:34 | Peasant |
| 2:42 | Improved Lumber Harvesting |
| 2:50 | Storm Bolt |
| 3:04 | Arcane Tower |
| 3:06 | Improved Masonry |
| 3:44 | Peasant |
| 4:06 | Keep |
| 4:11 | Farm |
| 4:57 | Blacksmith |
| 5:03 | Blacksmith |
| 6:04 | Farm |
| 6:32 | Castle |
| 6:33 | Advanced Lumber Harvesting |
| 6:33 | Advanced Masonry |
| 6:51 | Workshop |
| 6:57 | Workshop |
| 7:00 | Workshop |
| 7:04 | Black Gunpowder |
| 7:13 | Farm |
| 7:22 | Farm |
| 7:59 | Flare |
| 8:00 | Mortar Team |
| 8:07 | Farm |
| 8:12 | Farm |
| 8:14 | Farm |
| 8:16 | Refined Gunpowder |
| 8:17 | Flak Cannons |
| 8:19 | Mortar Team |
| 8:34 | Gryphon Aviary |
| 8:42 | Arcane Vault |
| 8:56 | Fragmentation Shards |
| 9:00 | Flying Machine Bombs |
| 9:06 | Holy Light |
| 9:10 | Imbued Masonry |
| 9:32 | Mortar Team |
| 9:39 | Farm |
| 9:56 | Lumber Mill |
| 10:00 | Farm |
| 10:18 | Flying Machine |
| 10:21 | Cloud |
| 10:21 | Dragonhawk Rider |
| 10:21 | Dragonhawk Rider |
| 10:39 | Flying Machine |
| 10:50 | Imbued Gunpowder |
| 10:57 | Flying Machine |
| 11:07 | Farm |
| 11:18 | Farm |
| 11:39 | Iron Plating |
| 12:12 | Flying Machine |
| 12:13 | Flying Machine |
| 12:13 | Flying Machine |
| 12:13 | Flying Machine |
| 12:14 | Flying Machine |
| 12:14 | Flying Machine |
| 13:24 | Flying Machine |
| 13:24 | Flying Machine |
| 14:25 | Town Hall |
| 14:39 | Farm |
| 15:03 | Flying Machine |
| 16:34 | Flying Machine |
| 16:34 | Flying Machine |
| 16:34 | Flying Machine |
| 16:34 | Flying Machine |
| 16:34 | Flying Machine |
| 16:34 | Flying Machine |
| 18:03 | Keep |
| 20:34 | Steel Plating |
| 20:37 | Altar of Kings |
| 22:59 | Dragonhawk Rider |
| 23:01 | Castle |
| 24:39 | Flying Machine |
| 25:56 | Flying Machine |
| 28:44 | Mithril Plating |
| 29:08 | Flying Machine |
| 29:08 | Flying Machine |
| 29:09 | Flying Machine |
| 29:09 | Flying Machine |
| 29:09 | Flying Machine |
| 29:09 | Flying Machine |
| 30:22 | Flying Machine |
| 30:22 | Flying Machine |
| 30:36 | Dragonhawk Rider |
| 30:36 | Dragonhawk Rider |
| 32:05 | Dragonhawk Rider |
| Right click | 2156 |
| Select group | 2080 |
| Select | 435 |
| Build/train/purchase | 87 |
| Assign group | 40 |
| Resource trade | 12 |
| Use ability | 9 |
| Remove unit | 3 |
| Esc | 3 |
| Minimap ping | 1 |
⇛